AoeStats
← Q-chu

Arabia

509334976Analyzed
1v1 RM · 6d ago on Sep 26, 2026· 52m 7s· 2 players
Game mode
Random Map
Map size
Tiny (2 player)
Population
200
Speed
Normal
Resources
Standard
Victory
Conquest
Starting age
Dark Age
Ending age
Imperial Age
RankedLock teamsTeams togetherTeam positionsShared explorationLock speedFull tech treeHidden civsTurbo modeCheats
Victory
Defeat
🇫🇷 Mongols · France
1255
+15
🇧🇬 Byzantines · Bulgaria
1242
-15
Q-chu
4:12 Loom
9:14 Feudal Age
10:22 Double-Bit Axe
11:42 Horse Collar
15:18 Wheelbarrow
21:50 Castle Age
20:31 Fletching
23:27 Bodkin Arrow
22:59 Pikeman
24:06 Forging
24:31 Padded Archer Armor
24:33 Elite Skirmisher
26:04 Iron Casting
27:55 Leather Archer Armor
31:55 Bow Saw
38:25 Imperial Age
40:27 Chemistry
39:58 Crossbowman
40:40 Bracer
44:05 Ring Archer Armor
La gare
6:27 Loom
8:41 Feudal Age
10:06 Double-Bit Axe
15:11 Wheelbarrow
15:19 Fletching
22:42 Castle Age
23:21 Bodkin Arrow
22:53 Crossbowman
24:07 Bow Saw
31:29 Ballistics
34:33 Imperial Age
34:57 Thumb Ring
35:18 Bracer
36:26 Chemistry
39:47 Horse Collar
40:40 Padded Archer Armor
41:35 Masonry
41:41 Bloodlines
40:52 Light Cavalry
42:20 Scale Barding Armor
43:53 Chain Barding Armor
43:44 Forging
44:46 Hussar
47:21 Iron Casting
47:52 Heavy Plow
52:03 Leather Archer Armor
Connection lost

Rejoining the realm…

Still unreachable

The connection could not be restored.

Session expired

The server has moved on; the page needs a fresh start.